AoeStats
← Go Georgie Go

Migration

504450950Analyzed
1v1 RM · 26d ago on Sep 5, 2026· 56m 0s· 2 players
Game mode
Random Map
Map size
132×132
Population
200
Speed
Normal
Resources
Standard
Victory
Conquest
Starting age
Dark Age
Ending age
Imperial Age
RankedLock teamsTeams togetherTeam positionsShared explorationLock speedFull tech treeHidden civsTurbo modeCheats
Victory
Defeat
🇩🇰 Celts · Denmark
599
+19
🇭🇰 Persians · Hong Kong SAR China
661
-19
BechAnovic
1:12 Loom
12:10 Feudal Age
13:07 Double-Bit Axe
14:23 Wheelbarrow
13:34 Town Watch
13:55 Fishing Lines
17:36 Horse Collar
21:41 Castle Age
24:36 Heavy Plow
24:50 Bow Saw
25:05 Forging
25:01 Scale Barding Armor
25:48 Medium Warships
25:29 Gillnets
26:15 Hand Cart
26:52 Iron Casting
30:35 Gold Mining
30:36 Stone Mining
35:49 Imperial Age
34:33 Scale Mail Armor
34:54 Chain Barding Armor
36:00 Pikeman
36:46 Husbandry
37:45 Stronghold
39:41 Chain Mail Armor
41:40 Elite Woad Raider
42:42 Conscription
42:21 Halberdier
44:11 Blast Furnace
43:42 Plate Mail Armor
42:36 Capped Ram
44:39 Cavalier
46:49 Furor Celtica
55:28 Heavy Warships
Go Georgie Go
14:48 Feudal Age
15:23 Double-Bit Axe
15:20 Horse Collar
15:23 Fishing Lines
17:22 Wheelbarrow
20:21 Gold Mining
22:50 Castle Age
21:12 Stone Mining
23:39 Scale Barding Armor
23:38 Heavy Plow
23:32 Gillnets
23:59 Medium Warships
24:29 Bow Saw
24:58 Stone Shaft Mining
24:59 Gold Shaft Mining
24:54 Hand Cart
26:14 Loom
28:24 Pikeman
29:28 Chain Barding Armor
29:21 Forging
29:11 Scale Mail Armor
30:05 Husbandry
30:15 Bloodlines
29:26 Light Cavalry
33:33 Town Watch
39:37 Imperial Age
39:39 Heavy Camel Rider
39:40 Hussar
40:56 Conscription
41:35 Ballistics
41:22 Capped Ram
42:40 Heavy Scorpion
46:52 Chemistry
47:43 Elite Cannon Galleon
Connection lost

Rejoining the realm…

Still unreachable

The connection could not be restored.

Session expired

The server has moved on; the page needs a fresh start.